 Dungeon Crawl Stone Soup version 0.30-a0-870-gc5d4c5acee (webtiles) character file.

Game seed: 6359819585360226290

378 cheesebisquit the Grave Robber (level 6, -3/47 HPs)
             Began as a Mummy Necromancer on Mar 11, 2023.
             Slain by a wraith (6 damage)
             ... in an ossuary.
             The game lasted 00:18:55 (5032 turns).

cheesebisquit the Grave Robber (Mummy Necromancer)  Turns: 5032, Time: 00:18:56

Health: -3/47      AC:  5    Str: 11    XL:     6   Next: 45%
Magic:  13/13      EV: 12    Int: 17    God:
Gold:   54         SH:  0    Dex: 12    Spells: 1/14 levels left

rFire   x . .      SeeInvis .    a - +2 spear (flame)
rCold   + + .      Faith    +    (no shield)
rNeg    + + +      Spirit   .    h - +0 robe
rPois   ∞          Reflect  .    (no helmet)
rElec   .          Rampage  .    (no cloak)
rCorr   .                        g - +0 pair of gloves
Will    .....                    l - +1 pair of boots {Fly}
Stlth   ++                       f - amulet of the acrobat
HPRegen 0.27/turn                k - ring of protection from cold
MPRegen 0.13/turn                (no ring)

@: about to teleport, flying, slowed, very slow
A: cold resistance 1, negative energy resistance 3, torment resistance 2, heat
vulnerability 1, in touch with death 1, no potions, faith
a: no special abilities


You were in an ossuary.
You visited 1 branch of the dungeon, and saw 5 of its levels.
You also visited: Ossuary.

You collected 169 gold pieces.
You spent 115 gold pieces at shops.

Inventory:

Hand Weapons
 a - a +2 spear of flaming (weapon)
 b - a +0 sling
Missiles
 e - 20 poisoned darts
 i - 6 javelins
Armour
 g - a +0 pair of gloves (worn)
 h - a +0 robe (worn)
 l - a +1 pair of boots of flying (worn)
Jewellery
 f - an amulet of the acrobat (around neck)
 k - a ring of protection from cold (left hand)
Scrolls
 c - a scroll of noise
 j - 2 scrolls of fear
 m - a scroll of amnesia


   Skills:
 + Level 3.0 Fighting
 - Level 1.5 Dodging
 - Level 1.5 Stealth
 + Level 4.7 Spellcasting
 * Level 6.2 Necromancy


You had one spell level left.
You knew the following spells:

 Your Spells              Type           Power      Damage    Failure   Level
a - Necrotise             Necr           100%       1d9       1%          1
b - Vampiric Draining     Necr           37%        2d8       3%          3
c - Animate Dead          Necr           37%        N/A       11%         4
d - Agony                 Necr           37%        N/A       30%         5

Your spell library contained the following spells:

 Spells                   Type           Power      Damage    Failure   Level
 Ensorcelled Hibernation  Hex/Ice        8%         N/A       22%         2
 Passwall                 Tmut/Erth      3%         N/A       22%         2
 Swiftness                Air            4%         N/A       41%         3
 Petrify                  Tmut/Erth      4%         N/A       82%         4
 Irradiate                Conj/Tmut      2%         3d12      99%         5
 Sublimation of Blood     Necr           Unusable   N/A       N/A         2

Dungeon Overview and Level Annotations

Branches:
Dungeon (5/15)            Ossuary (1/1)
 Temple: D:4-7

Altars:
Dithmenos
Gozag
Okawaru

Shops:
D:3 [

Annotations:
D:4 1 runed translucent door, Crazy Yiuf


Innate Abilities, Weirdness & Mutations

You are immune to poison.
Your flesh is cold resistant. (rC+)
You are immune to negative energy. (rN+++)
You are immune to unholy pain and torment.
You are vulnerable to heat. (rF-)
You are in touch with the powers of death.
You do not drink.
You have a special connection with the divine. (Faith)


Message History

* * * LOW HITPOINT WARNING * * *
You hit the wraith but do no damage.
The wraith is moderately damaged.
The wraith hits you.
* * * LOW HITPOINT WARNING * * *
You can't see any enemies this would affect, really read the scroll of fear?
Okay, then.
The wraith barely misses you. The wraith completely misses you.
The wraith attacks as you move away! The wraith completely misses you. x2
There is an open door here.
The wraith attacks as you move away! The wraith closely misses you.
The wraith closely misses you. The wraith attacks as you move away!
The wraith misses you.
There is an open gate here.
The wraith barely misses you.
You reach down and open the door.
The wraith hits you.
* * * LOW HITPOINT WARNING * * *
The wraith drains your vigour!
You feel as though you will be slow longer.
The wraith hits you.
* * * LOW HITPOINT WARNING * * *
The wraith drains your vigour!
You feel as though you will be slow longer.
Found three items.
The wraith misses you.
There is an open door here.
The wraith hits you.
* * * LOW HITPOINT WARNING * * *
The wraith drains your vigour!
You feel as though you will be slow longer.
You see here a scroll labelled QUIDGH CALI.
As you read the scroll labelled NOITIY GOUTT, it crumbles to dust.
You feel strangely unstable.
It was a scroll of teleportation.
The wraith barely misses you.
As you read the scroll labelled CUOSTR LUUNO, it crumbles to dust.
You feel aware of your surroundings.
You sensed 4 shops/portals.
It was a scroll of magic mapping.
The wraith barely misses you. The wraith hits you.
You die...

*,,,,*#...##...##...##,,,,*
*,,,,,*#...#####...##,.,,,*
*,,,,,.*#.........##...,,,*
*,,,,,..#####'#####....,,,*
*,∩,,,.................,∩,*
*,,,,,.................,,,*
******######'''########****
####...#### #.@W...'..#
#??#...#..# ####...####
#...# #...# #...# #...#
#...# ##'''##


You could see a wraith.

Vanquished Creatures
  A centaur (D:4)
  A kobold brigand (D:3)
  Terence (D:3)
  A mummy (Ossuary)
  7 gnolls
  2 adders (D:2)
  A worm (D:3)
  3 dart slugs
  4 ball pythons
  6 bats
  12 endoplasms
  2 giant cockroaches
  11 goblins
  3 hobgoblins
  5 jackals
  2 quokkas (D:3)
  2 gnoll skeletons (Ossuary)
  7 kobolds
  3 kobold skeletons (Ossuary)
  4 orc skeletons (Ossuary)
  9 rats
87 creatures vanquished.

Vanquished Creatures (collateral kills)
  An adder (D:4)
  A hobgoblin (D:4)
  A jackal (D:3)
3 creatures vanquished.

Grand Total: 90 creatures vanquished

Notes
Turn   | Place    | Note
-------+----------+-------------------------------------------
     0 | D:1      | cheesebisquit the Mummy Necromancer began the quest for the
                  | Orb.
     0 | D:1      | Reached XP level 1. HP: 13/13 MP: 4/4
   268 | D:1      | Reached XP level 2. HP: 20/20 MP: 3/5
   520 | D:1      | Reached skill level 1 in Fighting
   992 | D:2      | Gained mutation: You are in touch with the powers of death.
                  | [Mummy growth]
   992 | D:2      | Reached XP level 3. HP: 26/26 MP: 4/7
  1884 | D:3      | Found an iron altar of Okawaru.
  1900 | D:3      | Noticed a kobold brigand
  1999 | D:3      | Found a shadowy altar of Dithmenos.
  2011 | D:3      | Reached XP level 4. HP: 32/32 MP: 5/9
  2208 | D:3      | Killed a kobold brigand
  2209 | D:3      | Reached skill level 5 in Necromancy
  2209 | D:3      | Reached XP level 5. HP: 19/38 MP: 0/10
  2315 | D:3      | Found an opulent altar of Gozag.
  3200 | D:3      | Found Asatiloc's Armour Shop.
  3201 | D:3      | Noticed Terence
  3205 | D:3      | Killed Terence
  3534 | D:3      | Bought a +0 pair of boots of flying for 115 gold pieces
  3939 | D:4      | Noticed a centaur
  4008 | D:4      | Killed a centaur
  4009 | D:4      | Reached skill level 6 in Necromancy
  4009 | D:4      | Reached XP level 6. HP: 24/46 MP: 4/12
  4013 | D:4      | Learned a level 3 spell: Vampiric Draining
  4018 | D:4      | Learned a level 4 spell: Animate Dead
  4024 | D:4      | Learned a level 5 spell: Agony
  4505 | D:4      | Found a runed translucent door.
  4506 | D:4      | Noticed Crazy Yiuf
  4702 | D:5      | Entered Level 5 of the Dungeon
  4702 | D:5      | Found a sand-covered staircase.
  4707 | Ossuary  | Entered an ossuary
  4707 | Ossuary  | Noticed a wraith
  4707 | Ossuary  | Noticed a wraith
  4707 | Ossuary  | Noticed a wraith
  5000 | Ossuary  | Noticed a wraith
  5030 | Ossuary  | HP: 2/47 [wraith (5)]
  5032 | Ossuary  | Slain by a wraith

Illustrated notes

Levels and vault maps discovered:
D:1:      minmay_arrival_split_and_join, layout_basic
D:2:      layout_loops_ring, kennysheep_generic_room_10
D:3:      layout_loops_ring, grunt_gozag_statues, okawaru_ov_weapons_minmay,
          nicolae_dithmenos_shadow_blocks, serial_shops, nicolae_lakefront_shop,
          minmay_goblin_outpost, uniq_terence
D:4:      layout_basic, uniq_crazy_yiuf_cottage
D:5:      layout_basic, mainiacjoe_overflow_alcove_4,
          nicolae_ossuary_entry_monument, uniq_prince_ribbit1,
          uniq_blork_the_orc, uniq_menkaure
Ossuary:  ossuary_due_mausoleum

Skill      XL: |  1  2  3  4  5  6 |
---------------+-------------------+-----
Spellcasting   | 3 4 |  4.7
Fighting       | 1 2 3 |  3.0
Necromancy     | 5 6 |  6.2
Dodging        | |  1.5
Stealth        | |  1.5

Action                     |  1- 3 |  4- 6 || total
---------------------------+-------+-------++-------
  Melee: Club              |     9 |       ||     9
         Spear             |       |    37 ||    37
         Punch             |       |     1 ||     1
   Fire: Sling             |       |     5 ||     5
   Cast: Necrotise         |    79 |   110 ||   189
    Use: Scroll            |       |     7 ||     7
 Armour: Robe              |     2 |    15 ||    17
  Dodge: Dodged            |     8 |    58 ||    66

Table legend: (Time is in decaauts)
 A = Elapsed time spent in this place.
 B = Non-inter-level travel time spent in this place.
 C = Inter-level travel time spent in this place.
 D = Time resting spent in this place.
 E = Time spent auto-exploring this place.
 F = Levels seen in this place.
 G = Mean time per level.
                   A        B        C        D        E       F      G
               +--------+--------+--------+--------+--------+-----+--------+
         Total |   5047 |   4683 |    364 |    510 |   3503 |   6 |  841.2 |
       Dungeon |   4710 |   4346 |    364 |    310 |   3477 |   5 |  942.0 |
       Ossuary |    337 |    337 |      0 |    200 |     26 |   1 |  337.0 |
               +--------+--------+--------+--------+--------+-----+--------+

Top non-repeatable levels by time:
     D:3: 1491 daAuts
     D:2: 1189 daAuts
     D:1: 1028 daAuts
     D:4: 995 daAuts
 Ossuary: 337 daAuts
     D:5: 4 daAuts
